Map: Bel'Shir Vestige LE (Void)

Players

Rodzyn

  • Race: Protoss Protoss
  • Spawn Location: 5:00

Indy - Winner!

  • Race: Protoss Protoss
  • Spawn Location: 11:00

Event: IEM XI Katowice - World Championship 2017

VOD

Have the link to the VOD?

Description

Time

  • Played on: Feb. 28, 2017, 9:11 a.m.
  • Length: 12:56

All games in this series

Show
View Real Time Build Order
Export as new Build Order

Rodzyn Protoss 

Build Orders:  

Get SALT Encoding   

  12  0:00  Probe (Chrono Boost)  
  13  0:11  Probe (Chrono Boost)  
  14  0:17  Pylon  
  14  0:23  Probe (Chrono Boost)  
  15  0:35  Probe (Chrono Boost)  
  16  0:40  Gateway  
  16  0:46  Probe (Chrono Boost)  
  16  0:47  Assimilator  
  17  0:51  Assimilator  
  17  0:56  Probe (Chrono Boost)  
  18  1:05  Gateway  
  18  1:07  Probe (Chrono Boost)  
  19  1:17  Probe (Chrono Boost)  
  20  1:27  Cybernetics Core  
  20  1:30  Probe (Chrono Boost)  
  21  1:37  Pylon  
  21  1:40  Probe (Chrono Boost)  
  22  1:52  Warp Gate, Probe (Chrono Boost)  
  23  2:04  Stalker x2  
  23  2:07  Mothership Core (Chrono Boost)  
  29  2:15  Pylon  
  29  2:40  Nexus  
  29  2:48  Probe (Chrono Boost)  
  30  3:00  Stalker x2  
  34  3:11  Probe (Chrono Boost)  
  35  3:21  Robotics Facility  
  35  3:24  Pylon  
  36  3:28  Probe (Chrono Boost)  
  37  3:41  Probe (Chrono Boost)  
  37  3:53  Probe (Chrono Boost)  
  38  3:57  Twilight Council, Sentry x2  
  38  3:59  Probe (Chrono Boost)  
  43  4:05  Probe (Chrono Boost)  
  43  4:06  Observer  
  43  4:09  Probe (Chrono Boost)  
  47  4:17  Probe (Chrono Boost)  
  47  4:18  Blink  
  47  4:20  Probe (Chrono Boost)  
  48  4:25  Assimilator  
  48  4:29  Probe (Chrono Boost)  
  48  4:30  Observer, Probe (Chrono Boost)  
  51  4:38  Assimilator, Pylon  
  51  4:41  Probe x2 (Chrono Boost)  
  51  4:42  Stalker  
  55  4:49  Pylon  
  55  4:52  Probe (Chrono Boost)  
  57  4:54  Probe (Chrono Boost)  
  57  4:55  Immortal  
  57  5:04  Probe (Chrono Boost)  
  57  5:05  Pylon  
  57  5:06  Probe (Chrono Boost)  
  63  5:16  Probe (Chrono Boost)  
  63  5:20  Probe (Chrono Boost)  
  65  5:25  Gateway x2  
  66  5:28  Probe (Chrono Boost)  
  66  5:30  Robotics Bay  
  66  5:32  Probe (Chrono Boost)  
  66  5:34  Immortal  
  70  5:55  Forge  
  70  5:57  Sentry x2  
  70  6:01  Probe (Chrono Boost)  
  75  6:05  Nexus  
  75  6:10  Pylon  
  75  6:14  Disruptor  
  75  6:15  Probe (Chrono Boost)  
  75  6:16  Pylon  
  76  6:25  Stalker x2  
  83  6:26  Protoss Ground Weapons Level 1  
  83  6:37  Gateway  
  83  6:38  Gateway  
  83  6:39  Stalker  
  85  6:47  Disruptor, Stalker  
  88  7:10  Stalker x3  
  88  7:11  Probe (Chrono Boost)  
  88  7:14  Pylon  
  88  7:15  Pylon  
  94  7:23  Probe (Chrono Boost)  
  94  7:27  Stalker  
  92  7:34  Adept x3, Probe (Chrono Boost)  
  99  7:40  Probe (Chrono Boost)  
  99  7:41  Stalker x2  
  99  7:45  Disruptor  
  99  7:46  Probe (Chrono Boost)  
  99  7:47  Probe (Chrono Boost)  
  105  7:52  Probe (Chrono Boost)  
  105  7:54  Photon Cannon  
  105  7:58  Probe x2 (Chrono Boost)  
  107  8:04  Probe (Chrono Boost)  
  108  8:06  Photon Cannon  
  108  8:09  Probe (Chrono Boost)  
  108  8:10  Probe (Chrono Boost)  
  104  8:16  Warp Prism  
  104  8:18  Photon Cannon  
  103  8:20  Stalker  
  107  8:32  Stalker x3  
  112  8:36  Probe (Chrono Boost)  
  112  8:41  Probe (Chrono Boost)  
  112  8:42  Probe (Chrono Boost), Photon Cannon  
  113  8:48  Probe (Chrono Boost)  
  113  8:49  Stalker  
  113  8:52  Probe (Chrono Boost)  
  113  8:53  Stalker  
  113  8:54  Stalker  
  120  8:58  Probe (Chrono Boost)  
  120  9:00  Probe (Chrono Boost)  
  113  9:13  Disruptor  
  113  9:14  Probe (Chrono Boost)  
  113  9:16  Stalker x3  
  123  9:25  Stalker  
  123  9:39  Pylon x2  
  123  9:40  Pylon  
  123  9:57  Pylon, Probe x2 (Chrono Boost)  
  123  9:58  Photon Cannon  
  125  10:00  Assimilator  
  125  10:04  Stalker x5  
  125  10:05  Stalker  
  125  10:06  Protoss Ground Weapons Level 2  
  137  10:09  Disruptor  
  137  10:10  Probe (Chrono Boost)  
  137  10:11  Assimilator  
  138  10:19  Photon Cannon  
  138  10:20  Photon Cannon  
  139  10:34  Probe (Chrono Boost)  
  141  10:36  Probe (Chrono Boost)  
  141  10:40  Nexus  
  141  10:42  Pylon  
  141  10:43  Disruptor  
  141  10:47  Robotics Facility  
  144  10:51  Stalker x3  
  144  10:53  Stalker x2  
  144  10:56  Pylon  
  154  11:14  Disruptor  
  154  11:20  Adept x6  
  168  11:36  Probe (Chrono Boost)  
  168  11:37  Probe x2 (Chrono Boost)  
  171  11:52  Stalker x4  
  171  11:53  Stalker x2  
  171  12:05  Probe x2 (Chrono Boost)  
  142  12:30  Stalker x4  
  142  12:31  Stalker x2  
  141  12:37  Probe (Chrono Boost)  
Show
View Real Time Build Order
Export as new Build Order

Indy Protoss - Winner!

Build Orders:  

Get SALT Encoding   

  12  0:00  Probe (Chrono Boost)  
  13  0:11  Probe (Chrono Boost)  
  14  0:17  Pylon  
  14  0:21  Probe (Chrono Boost)  
  16  0:35  Probe (Chrono Boost)  
  16  0:36  Gateway  
  16  0:41  Assimilator  
  16  0:46  Probe (Chrono Boost)  
  17  0:51  Assimilator  
  17  0:57  Probe (Chrono Boost)  
  18  1:07  Gateway, Probe (Chrono Boost)  
  19  1:18  Probe (Chrono Boost)  
  20  1:23  Cybernetics Core  
  20  1:28  Probe (Chrono Boost)  
  21  1:34  Pylon  
  21  1:39  Probe (Chrono Boost)  
  22  1:49  Probe (Chrono Boost)  
  23  2:00  Mothership Core (Chrono Boost)  
  25  2:01  Warp Gate  
  25  2:02  Stalker x2  
  29  2:13  Pylon  
  30  2:24  Probe (Chrono Boost)  
  30  2:36  Probe (Chrono Boost)  
  31  2:39  Stalker x2  
  35  3:00  Nexus  
  35  3:19  Pylon, Sentry  
  38  3:21  Probe (Chrono Boost)  
  38  3:25  Robotics Facility  
  38  3:33  Probe (Chrono Boost)  
  39  3:43  Twilight Council  
  39  3:44  Probe (Chrono Boost)  
  40  3:54  Probe (Chrono Boost)  
  41  4:05  Probe (Chrono Boost)  
  41  4:06  Sentry  
  44  4:12  Probe (Chrono Boost)  
  44  4:14  Observer  
  44  4:15  Probe (Chrono Boost)  
  47  4:21  Assimilator  
  47  4:22  Probe (Chrono Boost)  
  48  4:25  Blink  
  48  4:26  Probe (Chrono Boost)  
  49  4:33  Probe (Chrono Boost)  
  49  4:36  Probe (Chrono Boost)  
  51  4:44  Probe (Chrono Boost)  
  51  4:45  Forge  
  52  4:47  Probe (Chrono Boost), Immortal  
  57  4:54  Probe (Chrono Boost)  
  57  4:57  Probe (Chrono Boost)  
  57  4:59  Assimilator  
  59  5:00  Pylon  
  59  5:05  Probe (Chrono Boost)  
  60  5:07  Pylon  
  60  5:08  Probe (Chrono Boost)  
  61  5:15  Probe (Chrono Boost)  
  61  5:18  Gateway  
  61  5:19  Gateway  
  61  5:20  Protoss Ground Weapons Level 1  
  62  5:23  Probe (Chrono Boost)  
  62  5:26  Sentry  
  65  5:32  Probe (Chrono Boost)  
  65  5:33  Probe (Chrono Boost)  
  65  5:34  Immortal  
  71  5:42  Pylon  
  71  5:51  Sentry  
  71  5:52  Stalker  
  75  5:57  Pylon  
  75  6:09  Warp Prism  
  75  6:11  Nexus  
  77  6:24  Stalker  
  77  6:25  Stalker x2  
  83  6:26  Stalker  
  85  6:33  Pylon  
  85  6:38  Probe (Chrono Boost)  
  85  6:39  Robotics Bay  
  87  6:41  Probe (Chrono Boost)  
  87  6:42  Observer  
  88  6:50  Probe (Chrono Boost)  
  88  6:53  Probe (Chrono Boost)  
  90  7:00  Gateway  
  90  7:01  Gateway  
  91  7:02  Probe (Chrono Boost)  
  91  7:03  Adept x2  
  91  7:06  Probe (Chrono Boost)  
  96  7:14  Probe (Chrono Boost)  
  97  7:18  Pylon, Probe (Chrono Boost)  
  98  7:23  Disruptor  
  98  7:26  Probe (Chrono Boost)  
  104  7:30  Probe x2 (Chrono Boost)  
  105  7:38  Probe (Chrono Boost)  
  105  7:40  Probe (Chrono Boost)  
  105  7:42  Probe (Chrono Boost)  
  105  7:43  Protoss Ground Weapons Level 2  
  105  7:44  Adept  
  105  7:45  Adept x3  
  105  7:50  Pylon, Probe (Chrono Boost)  
  112  7:54  Disruptor  
  114  8:05  Stalker x3  
  114  8:06  Stalker  
  122  8:16  Probe x2 (Chrono Boost)  
  124  8:25  Disruptor  
  124  8:28  Gateway, Robotics Facility  
  124  8:29  Gateway  
  125  8:37  Assimilator x2  
  125  8:38  Pylon  
  125  8:40  Stargate  
  121  8:42  Stalker x3  
  125  8:50  Pylon  
  125  8:56  Adept x3  
  125  8:58  Probe (Chrono Boost)  
  125  8:59  Probe x2 (Chrono Boost)  
  132  9:07  Stalker  
  132  9:08  Stalker x2  
  135  9:15  Disruptor  
  136  9:19  Pylon x2  
  136  9:20  Pylon  
  136  9:22  Pylon  
  132  9:25  Adept x2  
  132  9:26  Disruptor  
  139  9:45  Stalker x5  
  139  9:46  Stalker  
  143  10:02  Photon Cannon  
  143  10:04  Photon Cannon  
  141  10:08  Observer, Photon Cannon  
  141  10:09  Disruptor  
  143  10:16  Pylon  
  143  10:18  Nexus  
  143  10:30  Disruptor  
  143  10:33  Oracle  
  149  10:38  Photon Cannon  
  149  10:41  Photon Cannon  
  149  10:43  Stalker x4  
  149  10:45  Pylon  
  157  10:51  Charge  
  157  11:00  Photon Cannon  
  157  11:03  Photon Cannon  
  151  11:19  Zealot x7  
  151  11:22  Disruptor  
  165  11:27  Disruptor  
  169  11:42  Adept x6  
  181  11:58  Stalker x2  
  178  12:34  Stalker x2  
  178  12:35  Stalker x6  

Tags
 
Add a new tag
Caveats
  • Supply blocks, unpowered buildings, or Contaminate may cause inaccurate times.
  • Supply counts are checked every 10 seconds.